NCAA
FLORIDA STATE SEMINOLES @ CALIFORNIA GOLDEN BEARS
04/13/2025
 
TOP OF THE 1ST
Florida State Seminoles batting - Pitching for California Golden Bears : RHP Wilson Yoxall
Pitching: RHP Wilson Yoxall
Batting: RHB Art Cameron 0-0: Called Strike
0-1: Called Strike
0-2: Ball
1-2: Ball
2-2: Ground out U3 (Groundball, 3L)
Batting: RHB Aaron Duncan 0-0: Called Strike
0-1: Fly out, F9 (Flyball, 89M)
Batting: LHB Richard Olvera 0-0: DOUBLE (Line Drive, 9LM)
Batting: RHB Rusty Bennett 0-0: Called Strike
0-1: Swinging Strike
0-2: Strikes out looking
Top of the 1st over - 0 run(s), 1 hit(s), 0 error(s), 1 left on base; Florida State 0 - California 0
BOTTOM OF THE 1ST
California Golden Bears batting - Pitching for Florida State Seminoles : RHP Daniel De Jesús
Pitching: RHP Daniel De Jesús
Batting: RHB Ray Foster 0-0: Bunt for hit - play at first, batter OUT! 1-3
Batting: RHB Chris Martínez 0-0: Foul Ball, location: 2F
0-1: Called Strike
0-2: Ball
1-2: Ball
2-2: Strikes out looking
Batting: RHB Marv Shepard 0-0: Ball
1-0: Called Strike
1-1: Ball
2-1: Ball
3-1: Ground out 5-3 (Groundball, 56S)
Bottom of the 1st over - 0 run(s), 0 hit(s), 0 error(s), 0 left on base; Florida State 0 - California 0
TOP OF THE 2ND
Florida State Seminoles batting - Pitching for California Golden Bears : RHP Wilson Yoxall
Batting: RHB Mike Cleveland 0-0: Called Strike
0-1: Called Strike
0-2: Ball
1-2: Strikes out swinging
Batting: RHB George Wagner 0-0: Ball
1-0: Ball
2-0: Ball
3-0: Called Strike
3-1: Foul Ball, location: 2F
3-2: Base on Balls
Batting: RHB Elliott Bell 0-0: Called Strike
0-1: Ball
1-1: SINGLE (Groundball, 5D)
George Wagner to second
Batting: RHB Adam Davis 0-0: Ball
1-0: Grounds into double play, 6-4-3 (Groundball, 6)
Top of the 2nd over - 0 run(s), 1 hit(s), 0 error(s), 1 left on base; Florida State 0 - California 0
BOTTOM OF THE 2ND
California Golden Bears batting - Pitching for Florida State Seminoles : RHP Daniel De Jesús
Batting: SHB Darrel Lang 0-0: Ball
1-0: Called Strike
1-1: Ground out 6-3 (Groundball, 6)
Batting: LHB Robbie Evison 0-0: Ball
1-0: Called Strike
1-1: Foul Ball, location: 2F
1-2: Ball
2-2: Strikes out looking
Batting: LHB Ken Wheeler 0-0: Ball
1-0: Called Strike
1-1: Foul Ball, location: 2F
1-2: Strikes out swinging
Bottom of the 2nd over - 0 run(s), 0 hit(s), 0 error(s), 0 left on base; Florida State 0 - California 0
TOP OF THE 3RD
Florida State Seminoles batting - Pitching for California Golden Bears : RHP Wilson Yoxall
Batting: RHB Larry Davis 0-0: Called Strike
0-1: Swinging Strike
0-2: Ball
1-2: Strikes out looking
Batting: RHB Art Cameron 0-0: Swinging Strike
0-1: Called Strike
0-2: Ball
1-2: Foul Ball, location: 2F
1-2: SINGLE (Groundball, 34S)
Batting: RHB Aaron Duncan 0-0: Ball
1-0: Ball
2-0: Foul Ball, location: 2F
2-1: Foul Ball, location: 2F
2-2: Ball
3-2: Strikes out swinging
Art Cameron steals 2nd base
Batter strikes out.
Batting: LHB Richard Olvera 0-0: Swinging Strike
0-1: Ball
1-1: Ball
2-1: Swinging Strike
2-2: Foul Ball, location: 2F
2-2: Ball
3-2: 2-RUN HOME RUN (Flyball, 89XD), Distance : 377 ft
Batting: RHB Rusty Bennett 0-0: Ball
1-0: Ground out 4-3 (Groundball, 4M)
Top of the 3rd over - 2 run(s), 2 hit(s), 0 error(s), 0 left on base; Florida State 2 - California 0
BOTTOM OF THE 3RD
California Golden Bears batting - Pitching for Florida State Seminoles : RHP Daniel De Jesús
Batting: RHB Francis Land 0-0: Ball
1-0: Called Strike
1-1: Called Strike
1-2: Strikes out swinging
Batting: LHB Ryan Rheaume 0-0: Fly out, F7 (Flyball, 7LS)
Batting: RHB William Knisley 0-0: Swinging Strike
0-1: Called Strike
0-2: Ball
1-2: Foul Ball, location: 2F
1-2: Ball
2-2: Strikes out looking
Bottom of the 3rd over - 0 run(s), 0 hit(s), 0 error(s), 0 left on base; Florida State 2 - California 0
TOP OF THE 4TH
Florida State Seminoles batting - Pitching for California Golden Bears : RHP Wilson Yoxall
Batting: RHB Mike Cleveland 0-0: Ball
1-0: SINGLE (Groundball, 34D)
Batting: RHB George Wagner 0-0: Ball
1-0: Ball
2-0: Swinging Strike
2-1: SINGLE (Flyball, 78S)
Mike Cleveland to second
Batting: RHB Elliott Bell 0-0: Called Strike
0-1: Ball
1-1: Ball
2-1: 3-RUN HOME RUN (Flyball, 7D), Distance : 368 ft
Batting: RHB Adam Davis 0-0: Called Strike
0-1: Called Strike
0-2: Ball
1-2: Strikes out swinging
Batting: RHB Larry Davis 0-0: Ball
1-0: Ball
2-0: Called Strike
2-1: Fly out, F4 (Popup, 4D)
Batting: RHB Art Cameron 0-0: Called Strike
0-1: Ball
1-1: Foul Ball, location: 2F
1-2: Foul Ball, location: 2F
1-2: SINGLE (Line Drive, 9S)
Batting: RHB Aaron Duncan 0-0: Ball
1-0: Called Strike
1-1: Called Strike
1-2: Ball
Art Cameron steals 2nd base
2-2: Foul Ball, location: 2F
2-2: Strikes out swinging
Top of the 4th over - 3 run(s), 4 hit(s), 0 error(s), 1 left on base; Florida State 5 - California 0
BOTTOM OF THE 4TH
California Golden Bears batting - Pitching for Florida State Seminoles : RHP Daniel De Jesús
Batting: RHB Ray Foster 0-0: Ball
1-0: Ball
2-0: Ball
3-0: Foul Ball, location: 2F
3-1: Called Strike
3-2: Base on Balls
Batting: RHB Chris Martínez 0-0: Ball
Ray Foster is caught stealing 2nd base
1-0: Foul Ball, location: 2F
1-1: Called Strike
1-2: SINGLE (Popup, 8LS)
Batting: RHB Marv Shepard 0-0: Ball
1-0: Called Strike
1-1: Ball
2-1: Ball
3-1: Fielders Choice at 2nd, 1-4 (Groundball, 23)
Batting: SHB Darrel Lang 0-0: Ball
1-0: Ball
2-0: Called Strike
2-1: Ball
3-1: Ground out 4-3 (Groundball, 4)
Bottom of the 4th over - 0 run(s), 1 hit(s), 0 error(s), 1 left on base; Florida State 5 - California 0
TOP OF THE 5TH
Florida State Seminoles batting - Pitching for California Golden Bears : RHP Wilson Yoxall
Batting: LHB Richard Olvera 0-0: Called Strike
0-1: Ball
1-1: Foul Ball, location: 2F
1-2: Strikes out swinging
Pitching: LHP David Waller
Batting: RHB Rusty Bennett 0-0: Ball
1-0: SINGLE (Groundball, 6M) (infield hit)
Batting: RHB Mike Cleveland 0-0: Fly out, F4 (Popup, 4)
Batting: RHB George Wagner 0-0: Called Strike
Rusty Bennett is caught stealing 2nd base
Top of the 5th over - 0 run(s), 1 hit(s), 0 error(s), 0 left on base; Florida State 5 - California 0
BOTTOM OF THE 5TH
California Golden Bears batting - Pitching for Florida State Seminoles : RHP Daniel De Jesús
Batting: LHB Robbie Evison 0-0: Called Strike
0-1: Foul Ball, location: 2F
0-2: Foul Ball, location: 2F
0-2: Strikes out swinging
Batting: LHB Ken Wheeler 0-0: Ball
1-0: Called Strike
1-1: Ball
2-1: Called Strike
2-2: Strikes out swinging
Batting: RHB Francis Land 0-0: Ball
1-0: Foul Ball, location: 2F
1-1: Called Strike
1-2: Foul Ball, location: 2F
1-2: Ball
2-2: Strikes out swinging
Bottom of the 5th over - 0 run(s), 0 hit(s), 0 error(s), 0 left on base; Florida State 5 - California 0
TOP OF THE 6TH
Florida State Seminoles batting - Pitching for California Golden Bears : LHP David Waller
Batting: RHB George Wagner 0-0: Ball
1-0: SINGLE (Line Drive, 56)
Batting: RHB Elliott Bell 0-0: Ball
1-0: Ball
2-0: Called Strike
2-1: Called Strike
2-2: Foul Ball, location: 2F
2-2: Ball
3-2: Base on Balls
George Wagner to second
Batting: RHB Adam Davis 0-0: Ball
1-0: Called Strike
1-1: Ball
2-1: Ball
3-1: Foul Ball, location: 2F
3-2: Foul Ball, location: 2F
3-2: Strikes out swinging
Batting: RHB Larry Davis 0-0: 3-RUN HOME RUN (Line Drive, 7D), Distance : 362 ft
Pitching: RHP Charlie Martin
Batting: RHB Art Cameron 0-0: Ball
1-0: Foul Ball, location: 2F
1-1: Swinging Strike
1-2: Ball
2-2: Ground out 4-3 (Groundball, 4)
Batting: RHB Aaron Duncan 0-0: Called Strike
0-1: Fly out, F7 (Flyball, 7S)
Top of the 6th over - 3 run(s), 2 hit(s), 0 error(s), 0 left on base; Florida State 8 - California 0
BOTTOM OF THE 6TH
California Golden Bears batting - Pitching for Florida State Seminoles : RHP Daniel De Jesús
Batting: LHB Ryan Rheaume 0-0: Called Strike
0-1: Ball
1-1: Ball
2-1: Ground out 4-3 (Groundball, 4)
Batting: RHB William Knisley 0-0: Foul Ball, location: 2F
0-1: Called Strike
0-2: Foul Ball, location: 2F
0-2: Strikes out swinging
Batting: RHB Ray Foster 0-0: Bunted foul
0-1: Called Strike
0-2: Ball
1-2: Foul Ball, location: 2F
1-2: Ball
2-2: Foul Ball, location: 2F
2-2: Strikes out swinging
Bottom of the 6th over - 0 run(s), 0 hit(s), 0 error(s), 0 left on base; Florida State 8 - California 0
TOP OF THE 7TH
Florida State Seminoles batting - Pitching for California Golden Bears : RHP Charlie Martin
Batting: LHB Richard Olvera 0-0: Called Strike
0-1: Ball
1-1: Foul Ball, location: 2F
1-2: Ball
2-2: Ball
3-2: Foul Ball, location: 2F
3-2: Foul Ball, location: 2F
3-2: Foul Ball, location: 2F
3-2: Base on Balls
Batting: RHB Rusty Bennett 0-0: Foul Ball, location: 2F
0-1: Ball
1-1: SINGLE (Groundball, 6MD)
Richard Olvera to second
Batting: RHB Mike Cleveland 0-0: Called Strike
0-1: Ball
1-1: Ball
2-1: Foul Ball, location: 2F
2-2: Fly out, F9 (Flyball, 89M)
Batting: RHB George Wagner 0-0: Ball
1-0: Fly out, F9 (Flyball, 89M)
Batting: RHB Elliott Bell 0-0: Ball
1-0: Hit by Pitch
Richard Olvera to third
Rusty Bennett to second
Batting: RHB Adam Davis 0-0: Ball
1-0: Ball
2-0: Ball
3-0: Base on Balls
Richard Olvera scores
Rusty Bennett to third
Elliott Bell to second
Batting: RHB Larry Davis 0-0: SINGLE (Groundball, 56)
Rusty Bennett scores
Elliott Bell to third
Adam Davis to second
Batting: RHB Art Cameron 0-0: Ball
1-0: Ball
2-0: SINGLE (Line Drive, 6MD)
Elliott Bell scores
Adam Davis to third
Larry Davis to second
Pitching: LHP Dexter Hubert
Batting: RHB Aaron Duncan 0-0: Ball
1-0: Foul Ball, location: 2F
1-1: Ball
2-1: Called Strike
2-2: Foul Ball, location: 2F
2-2: Ball
3-2: Foul Ball, location: 2F
3-2: Base on Balls
Adam Davis scores
Larry Davis to third
Art Cameron to second
Pinch Hitting: LHB Kevin Curtis 0-0: Ball
1-0: Ball
2-0: Called Strike
2-1: Swinging Strike
2-2: Foul Ball, location: 2F
2-2: Ball
3-2: Strikes out swinging
Top of the 7th over - 4 run(s), 3 hit(s), 0 error(s), 3 left on base; Florida State 12 - California 0
BOTTOM OF THE 7TH
California Golden Bears batting - Pitching for Florida State Seminoles : RHP Daniel De Jesús
Pitching: LHP David Hartley
Now in LF: Kevin Curtis
Batting: RHB Chris Martínez 0-0: Fly out, F7 (Flyball, 7M)
Batting: RHB Marv Shepard 0-0: Ball
1-0: Ball
2-0: Called Strike
2-1: Ball
3-1: Fly out, F9 (Flyball, 9M)
Batting: SHB Darrel Lang 0-0: Called Strike
0-1: Fly out, F8 (Line Drive, 8RS)
Bottom of the 7th over - 0 run(s), 0 hit(s), 0 error(s), 0 left on base; Florida State 12 - California 0
TOP OF THE 8TH
Florida State Seminoles batting - Pitching for California Golden Bears : LHP Dexter Hubert
Batting: RHB Rusty Bennett 0-0: Called Strike
0-1: Ball
1-1: Ball
2-1: Foul Ball, location: 2F
2-2: Strikes out looking
Batting: RHB Mike Cleveland 0-0: Ball
1-0: Called Strike
1-1: Swinging Strike
1-2: Ball
2-2: Foul Ball, location: 2F
2-2: Fly out, F3 (Popup, 3SF)
Batting: RHB George Wagner 0-0: Ball
1-0: SOLO HOME RUN (Line Drive, 78XD), Distance : 384 ft
Batting: RHB Elliott Bell 0-0: Ball
1-0: Foul Ball, location: 2F
1-1: Foul Ball, location: 2F
1-2: Foul Ball, location: 2F
1-2: Ball
2-2: SINGLE (Line Drive, 9LS)
Batting: RHB Adam Davis 0-0: Ball
1-0: Ball
2-0: Ball
3-0: Called Strike
3-1: Ground out 5-3 (Groundball, 5L)
Top of the 8th over - 1 run(s), 2 hit(s), 0 error(s), 1 left on base; Florida State 13 - California 0
BOTTOM OF THE 8TH
California Golden Bears batting - Pitching for Florida State Seminoles : LHP David Hartley
Batting: LHB Robbie Evison 0-0: Called Strike
0-1: Ball
1-1: Ball
2-1: Ball
3-1: Foul Ball, location: 2F
3-2: Base on Balls
Batting: LHB Ken Wheeler 0-0: Ball
1-0: SINGLE (Line Drive, 6MD)
Robbie Evison to second
Batting: RHB Francis Land 0-0: Called Strike
0-1: Ball
1-1: Ball
2-1: 3-RUN HOME RUN (Flyball, 8LXD), Distance : 395 ft
Batting: LHB Ryan Rheaume 0-0: Ball
1-0: Ball
2-0: Called Strike
2-1: Called Strike
2-2: Foul Ball, location: 2F
2-2: Strikes out swinging
Batting: RHB William Knisley 0-0: Ball
1-0: SOLO HOME RUN (Line Drive, 7D), Distance : 351 ft
Pitching: LHP Juan Morán
Batting: RHB Ray Foster 0-0: Called Strike
0-1: Ball
1-1: Ball
2-1: SINGLE (Groundball, 6MD)
Batting: RHB Chris Martínez 0-0: Ball
1-0: SINGLE (Groundball, 15) (infield hit)
Ray Foster to second
Batting: RHB Marv Shepard 0-0: Called Strike
0-1: Swinging Strike
0-2: Fly out, F7 (Line Drive, 7M)
Batting: SHB Darrel Lang 0-0: Ball
1-0: Ball
2-0: Ball
3-0: Called Strike
3-1: Foul Ball, location: 2F
3-2: Base on Balls
Ray Foster to third
Chris Martínez to second
Batting: LHB Robbie Evison 0-0: Foul Ball, location: 2F
0-1: Ball
1-1: Ball
2-1: Foul Ball, location: 2F
2-2: Strikes out swinging
Bottom of the 8th over - 4 run(s), 5 hit(s), 0 error(s), 3 left on base; Florida State 13 - California 4
TOP OF THE 9TH
Florida State Seminoles batting - Pitching for California Golden Bears : LHP Dexter Hubert
Batting: RHB Larry Davis 0-0: SINGLE (Line Drive, 8RS)
Batting: RHB Art Cameron 0-0: Sac Bunt - play at first, batter OUT! 1-3
Larry Davis to second
Batting: RHB Aaron Duncan 0-0: Called Strike
0-1: Foul Ball, location: 2F
0-2: Strikes out swinging
Batting: LHB Kevin Curtis 0-0: Ground out 5-3 (Groundball, 56)
Top of the 9th over - 0 run(s), 1 hit(s), 0 error(s), 1 left on base; Florida State 13 - California 4
BOTTOM OF THE 9TH
California Golden Bears batting - Pitching for Florida State Seminoles : LHP Juan Morán
Batting: LHB Ken Wheeler 0-0: Ball
1-0: Ball
2-0: Ball
3-0: Called Strike
3-1: Base on Balls
Batting: RHB Francis Land 0-0: Ball
1-0: Ball
2-0: Grounds into double play, 6-4-3 (Groundball, 6)
Batting: LHB Ryan Rheaume 0-0: Fly out, F7 (Flyball, 7M)
Bottom of the 9th over - 0 run(s), 0 hit(s), 0 error(s), 0 left on base; Florida State 13 - California 4
This league is powered by Out of the Park Baseball, the baseball management simulation game for PC, Mac and Linux
Tuesday, August 2nd, 2016 - OOTP Baseball 16.8 Build 38